 Dungeon Crawl Stone Soup version 0.30-a0-4-ga7cffc901d (webtiles) character file.

Game seed: 8271534676784539449

118346 Plasmagod the Eclecticist (level 16, -8/100 HPs)
             Began as a Deep Elf Conjurer on Aug 21, 2022.
             Was a Priest of Vehumet.
             Killed from afar by a shock serpent (21 damage)
             ... with a bolt of electricity
             ... on level 2 of the Snake Pit.
             The game lasted 02:31:15 (28767 turns).

Plasmagod the Eclecticist (Deep Elf Conjurer)      Turns: 28767, Time: 02:31:16

Health: -8/100     AC: 11    Str:  4    XL:     16   Next: 25%
Magic:  17/38      EV: 16    Int: 38    God:    Vehumet [***...]
Gold:   1058       SH:  0    Dex: 13    Spells: 2/55 levels left

rFire   + . .      SeeInvis +    J - staff of poison
rCold   + . .      Faith    .    (no shield)
rNeg    . . .      Spirit   .    M - +1 steam dragon scales
rPois   +          Reflect  .    D - +0 mask of the Dragon {Will+ Slay+3 SInv}
rElec   .          Harm     .    n - scarf {rC+ rF+}
rCorr   .          Rampage  .    Y - +2 pair of gloves
Will    ++...                    g - +1 pair of boots
Stlth   ++........               Q - amulet of magic regeneration
HPRegen 0.26/turn                r - +6 ring of intelligence
MPRegen 0.66/turn                G - +4 ring of evasion

@: studying Stealth
A: low MP 1
a: Renounce Religion


You were on level 2 of the Snake Pit.
You worshipped Vehumet.
Vehumet was most pleased with you.
You visited 4 branches of the dungeon, and saw 23 of its levels.
You visited the Abyss 1 time.
You also visited: Bailey.

You collected 2493 gold pieces.
You spent 1435 gold pieces at shops.

Inventory:

Hand Weapons
 T - the +0 battleaxe of Soesotuno {freeze, rPois rC+ Str+4}
   (You found it on level 3 of the Dungeon)

   It freezes those it strikes, dealing additional cold damage.
   It can also slow down cold-blooded creatures.
   Str:       It affects your strength (+4).
   rC:        It protects you from cold.
   rPois:     It protects you from poison.
Missiles
 H - 2 throwing nets
Armour
 g - a +1 pair of boots (worn)
 n - a scarf of resistance (worn)
 A - a +0 kite shield
 D - the +0 mask of the Dragon (worn) {Will+ Slay+3 SInv}
   (You bought it in a shop on level 1 of the Snake Pit)

   Slay:      It affects your accuracy & damage with ranged weapons and melee
   (+3).
   SInv:      It lets you see invisible.
   Will:      It increases your willpower.
 M - +1 steam dragon scales (worn)
 Y - a +2 pair of gloves (worn)
Magical Staves
 c - a staff of conjuration
 J - a staff of poison (weapon)
Jewellery
 m - a +6 ring of strength
 r - a +6 ring of intelligence (left hand)
 v - a ring of poison resistance
 w - the amulet of the Brewing Fool {Faith Harm *Corrode Regen+ Int+4}
   (You acquired it on level 15 of the Dungeon)

   [amulet of faith]

   It allows you to gain divine favour quickly.
   Int:       It affects your intelligence (+4).
   Regen:     It increases your rate of health regeneration.
   *Corrode:  It may corrode you when you take damage.
   Harm:      It increases damage dealt and taken.
 x - a ring of resist corrosion
 z - a ring of magical power
 G - a +4 ring of evasion (right hand)
 Q - an amulet of magic regeneration (around neck)
Wands
 a - a wand of flame (44)
 j - a wand of roots (27)
 N - a wand of polymorph (5)
 U - a wand of light (4)
 X - a wand of charming (20)
 Z - a wand of mindburst (1)
Scrolls
 d - 8 scrolls of teleportation
 e - 6 scrolls of noise
 l - 3 scrolls of blinking
 t - 5 scrolls of enchant armour
 y - 3 scrolls of fog
 B - 2 scrolls of amnesia
 C - 4 scrolls of immolation
 E - 4 scrolls of fear
 I - 3 scrolls of poison
 O - 3 scrolls of magic mapping
 R - a scroll of brand weapon
 S - a scroll of summoning
 V - 7 scrolls of identify
Potions
 b - 2 potions of magic
 f - 7 potions of mutation
 h - 4 potions of curing
 i - 4 potions of flight
 k - 4 potions of might
 o - 4 potions of heal wounds
 p - 2 potions of invisibility
 q - 6 potions of haste
 s - 7 potions of lignification
 u - 2 potions of resistance
 F - 2 potions of brilliance
 K - 2 potions of berserk rage
 L - 11 potions of ambrosia
 P - 3 potions of attraction


   Skills:
 - Level 11.0 Fighting
 - Level 2.4 Dodging
 - Level 2.4 Stealth
 + Level 13.0 Shields
 - Level 20.0 Spellcasting
 - Level 10.0 Conjurations
 - Level 8.3 Hexes
 - Level 12.0 Summonings
 - Level 6.0 Translocations
 - Level 3.0 Earth Magic


You had 2 spell levels left.
You knew the following spells:

 Your Spells              Type           Power      Damage    Failure   Level
a - Magic Dart            Conj           100%       1d8       0%          1
b - Searing Ray           Conj           100%       2d8       0%          2
c - Fulminant Prism       Conj/Hex       41%        3d20      1%          4
d - Iskenderun's Mystic   Conj/Tloc      78%        2d16      1%          4
e - Yara's Violent Unrav  Hex/Tmut       31%        3d13      1%          5
f - Summon Mana Viper     Hex/Summ       86%        N/A       1%          5
g - Summon Forest         Summ/Tloc      41%        N/A       1%          5
h - Leda's Liquefaction   Hex/Erth       34%        N/A       1%          4
i - Olgreb's Toxic Radia  Pois           54%        N/A       1%          4
j - Summon Cactus Giant   Summ           46%        N/A       1%          6
k - Monstrous Menagerie   Summ           46%        N/A       4%          7
l - Iron Shot             Conj/Erth      36%        9d7       2%          6

Your spell library contained the following spells:

 Spells                   Type           Power      Damage    Failure   Level
 Call Imp                 Summ           92%        N/A       0%          2
 Beastly Appendage        Tmut           76%        N/A       1%          1
 Necrotise                Necr           100%       1d9       1%          1
 Sting                    Tmut/Pois      100%       1d8       1%          1
 Blink                    Tloc           100%       N/A       1%          2
 Passwall                 Tmut/Erth      40%        N/A       1%          2
 Poisonous Vapours        Pois/Air       100%       N/A       1%          2
 Wereblood                Tmut           38%        N/A       1%          2
 Call Canine Familiar     Summ           92%        N/A       0%          3
 Confusing Touch          Hex            79%        N/A       1%          3
 Dazzling Flash           Conj/Hex       100%       N/A       1%          3
 Mephitic Cloud           Conj/Pois/Air  76%        N/A       1%          3
 Portal Projectile        Hex/Tloc       100%       N/A       1%          3
 Summon Guardian Golem    Hex/Summ       86%        N/A       1%          3
 Tukima's Dance           Hex            79%        N/A       1%          3
 Manifold Assault         Tloc           70%        N/A       1%          5
 Spider Form              Tmut/Pois      54%        N/A       2%          3
 Vampiric Draining        Necr           38%        2d8       2%          3
 Silence                  Hex/Air        31%        N/A       3%          5
 Agony                    Necr           38%        N/A       21%         5
 Blade Hands              Tmut           19%        N/A       21%         5
 Enfeeble                 Hex            39%        N/A       21%         7
 Ozocubu's Refrigeration  Ice            19%        4d11      80%         7
 Storm Form               Tmut/Air       19%        N/A       99%         7
 Ignition                 Fire           19%        3d7       100%        8


Dungeon Overview and Level Annotations

Branches:
Dungeon (15/15)            Temple (1/1) D:7            Lair (5/5) D:8
  Swamp (0/4) Lair:3        Snake (2/4) Lair:2        Slime (0/5) Lair:4
    Orc (0/2) D:10         Vaults (0/5) D:14         Depths (0/4) D:15
 Bailey (visited)

Altars:
Ashenzari
Cheibriados
Dithmenos
Elyvilon
Fedhas
Gozag
Hepliaklqana
Kikubaaqudgha
Makhleb
Nemelex Xobeh
Okawaru
Qazlal
Ru
Sif Muna
Trog
Uskayaw
Vehumet
Wu Jian
Xom
Yredelemnul
Zin
The Shining One

Shops:
D:4 *   D:5 (   D:8 !:=?   D:12 !   Snake:1 **?![


Innate Abilities, Weirdness & Mutations

Your magical capacity is low. (-10% MP)


Message History

The volley of spikes hits the black mamba!
The black mamba dies!
Vehumet accepts your kill.
Vehumet is now aiding your destructive spells.
Your Shields skill increases to level 13!
You start resting.
Your cactus giant disappears in a puff of smoke!
Your manticore disappears in a puff of smoke!
A shock serpent comes into view.
The shock serpent shoots out a bolt of lightning at you!
The bolt of electricity hits you!!
Casting: Iskenderun's Mystic Blast (safe; 1% risk of failure)
Confirm with . or Enter, or press ? or * to list all spells.
Casting: Summon Cactus Giant (dangerous; 1% risk of failure)
Confirm with . or Enter, or press ? or * to list all spells.
You summon a lindwurm!
Your cactus giant misses the shock serpent.
The shock serpent shoots out a bolt of lightning at you!
The bolt of electricity misses you. The shock serpent misses you.
You barely miss the shock serpent. The shock serpent bites you.
The shock serpent shocks you! The shock serpent misses you.
Your lindwurm bites the shock serpent.
Your lindwurm claws the shock serpent but does no damage.
Your lindwurm closely misses the shock serpent.
Your cactus giant closely misses the shock serpent.
You hit the shock serpent.
The shock serpent is lightly wounded.
The shock serpent bites you! The shock serpent shocks you!
* * * LOW HITPOINT WARNING * * *
Your lindwurm bites the shock serpent.
Your lindwurm claws the shock serpent.
Your lindwurm closely misses the shock serpent.
The shock serpent bites you.
* * * LOW HITPOINT WARNING * * *
The shock serpent shocks you!
* * * LOW HITPOINT WARNING * * *
You barely miss the shock serpent.
The shock serpent is moderately wounded.
The shock serpent shoots out a bolt of lightning at you!
The bolt of electricity hits you!!
You die...

............. .........# .##
...... #........# ... .....#
#..####.## #.# #.....#
......#.#####.######......#
.^....#......... ..#......#
......#..####.## #.#.......
......#..## #.####.#...))..
...<..#...# #...@Sk)....).#
..........# #.###C......#'#
......##..###.###.##....#
......<........#......###
....................##.......
...................## .....
..................## .....
................## #...#
............#...# #.8.#


You could see a shock serpent (ally target), a friendly lindwurm (summoned) and
a friendly cactus giant (summoned).

Vanquished Creatures
  An orc warlord (Bailey)
  A dire elephant (D:15)
  A great orb of eyes (D:15)
  5 hydras
  A salamander tyrant (Snake:2)
  2 boulder beetles
  4 two-headed ogres
  4 catoblepae
  Erica (D:8)
  An anaconda (Snake:1)
  16 death yaks
  A naga warrior (Abyss:2)
  A wizard (D:15)
  3 deep elf pyromancers
  A cyclops (D:11)
  7 ugly things
  3 manticores
  2 black mambas (Snake:1)
  2 salamanders (Snake:2)
  2 elephants (Lair:3)
  A torpor snail (Lair:5)
  A smoke demon (Abyss:2)
  A rime drake (Lair:3)
  2 gargoyles
  3 freezing wraiths (D:7)
  5 cane toads
  5 komodo dragons
  3 nameless horrors
  A kobold demonologist (D:11)
  An efreet (D:13)
  2 ice devils (D:7)
  3 meliai (D:13)
  A hornet (D:9)
  A queen bee (D:11)
  3 trolls
  3 polar bears (Lair:2)
  Grinder (D:3)
  5 blink frogs (Lair:5)
  7 dream sheep (Lair:5)
  A centaur simulacrum (D:14)
  2 shadows
  2 basilisks
  A wraith (D:11)
  A yak (shapeshifter) (D:14)
  3 wyverns
  3 steam dragons
  35 yaks
  3 vampire mosquitoes (D:12)
  2 nagas
  3 swamp worms (Lair:3)
  11 water moccasins
  An ice beast (D:5)
  10 orc warriors
  A sky beast (D:7)
  2 black bears
  3 ogres
  A centaur (D:10)
  A kobold brigand (D:6)
  7 bullfrogs
  A gnoll sergeant (D:8)
  A scorpion (D:5)
  A necrophage (D:5)
  5 wights (D:9)
  39 killer bees
  8 howler monkeys
  An electric eel (Lair:5)
  A lava snake (Lair:5)
  5 orc priests
  5 hounds
  2 jellies
  An iguana (D:4)
  13 orc wizards
  7 hell rats (Lair:1)
  Terence (D:3)
  Robin (D:3)
  18 gnolls
  13 adders
  5 river rats (Lair:1)
  A shadow imp (D:5)
  7 white imps
  An ufetubus (D:5)
  4 worms
  5 dart slugs
  46 orcs
  6 bats
  7 endoplasms
  2 giant cockroaches
  23 goblins
  20 hobgoblins
  12 quokkas
  6 ball pythons
  5 frilled lizards
  19 kobolds
  17 rats
  A fulminant prism (D:9)
511 creatures vanquished.

Vanquished Creatures (collateral kills)
  Nikola (Snake:2)
  Rupert (D:13)
  Jorgrun (Snake:1)
  Frances (D:12)
  Kirke (D:14)
  Donald (Snake:2)
  Louise (D:15)
  The ghost of PentaManta the Grappler, a journeyman TrAK of Lugonu (Lair:2)
  Josephine (D:12)
  4 vault guards (D:14)
  2 boulder beetles
  3 hydras
  A rakshasa (D:13)
  2 anacondas
  3 centaur warriors (D:14)
  2 catoblepae
  2 naga warriors
  3 tengu warriors
  2 thrashing horrors (Abyss:2)
  7 death yaks
  5 naga sharpshooters (Snake:1)
  Sonja (D:12)
  3 wretched stars (Abyss:2)
  4 skeletal warriors (D:12)
  3 starcursed masses (Abyss:2)
  A glowing orange brain (Abyss:2)
  A sea snake (shapeshifter) (D:15)
  A naga ritualist (Snake:1)
  3 wolf spiders (D:15)
  A mana viper (Snake:1)
  An orc knight (D:12)
  A manticore (D:14)
  A deep elf pyromancer (D:15)
  An oklob plant (Lair:4)
  4 cyclopes
  3 salamanders
  A worldbinder (Abyss:2)
  4 elephants (Lair:3)
  A naga mage (Snake:1)
  A torpor snail (Lair:5)
  6 black mambas
  2 cane toads (Lair:1)
  3 gargoyles (D:13)
  2 rime drakes
  3 komodo dragons
  A yaktaur (shapeshifter) (D:15)
  A freezing wraith (D:14)
  A tengu conjurer (D:14)
  A kobold demonologist (D:13)
  An ancient zyme (Abyss:2)
  An ice devil (Abyss:2)
  4 slime creatures (D:14)
  3 blink frogs (Lair:2)
  7 dream sheep (Lair:5)
  15 yaks
  9 wraiths
  6 hogs (D:14)
  2 large abominations (Abyss:2)
  16 vampire mosquitoes
  A neqoxec (Abyss:2)
  6 nagas
  8 water moccasins
  2 orc warriors (D:12)
  5 small abominations (Abyss:2)
  3 bullfrogs
  A killer bee (D:11)
  An electric eel (Lair:2)
  4 hell rats (Lair:1)
  9 river rats (Lair:1)
  A hobgoblin (Bailey)
  3 quokkas (Lair:1)
  6 rats (Lair:1)
  2 lurking horrors (Abyss:2)
217 creatures vanquished.

Vanquished Creatures (others)
  A butterfly (D:8)
  135 fulminant prisms
  30 fungi
  84 plants
  3 snaplasher vines
253 creatures vanquished.

Grand Total: 981 creatures vanquished

Notes
Turn   | Place    | Note
-------+----------+-------------------------------------------
     0 | D:1      | Plasmagod the Deep Elf Conjurer began the quest for the
                  | Orb.
     0 | D:1      | Reached XP level 1. HP: 10/10 MP: 6/6
   201 | D:1      | Reached skill level 4 in Spellcasting
   201 | D:1      | Reached XP level 2. HP: 15/15 MP: 6/9
   660 | D:1      | Reached XP level 3. HP: 19/19 MP: 8/11
   794 | D:2      | Reached skill level 5 in Spellcasting
  1086 | D:2      | Learned a level 2 spell: Searing Ray
  1498 | D:2      | Reached XP level 4. HP: 24/24 MP: 11/13
  1718 | D:2      | Reached skill level 6 in Spellcasting
  1880 | D:3      | Found a glowing golden altar of the Shining One.
  2029 | D:3      | Noticed Robin
  2032 | D:3      | Killed Robin
  2172 | D:3      | Identified the +2 mace "Loicw" {venom, *Noise Str+4}
  2517 | D:3      | Noticed an ogre
  2572 | D:3      | Identified the +0 battleaxe of Soesotuno {freeze, rPois rC+
                  | Str+4}
  2697 | D:3      | Found a faded altar of an unknown god.
  2700 | D:3      | Noticed Terence
  2708 | D:3      | Killed Terence
  2709 | D:3      | Reached skill level 7 in Spellcasting
  2709 | D:3      | Reached XP level 5. HP: 27/28 MP: 5/16
  3120 | D:3      | Noticed Grinder
  3130 | D:3      | Paralysed by Grinder for 5 turns
  3137 | D:3      | Paralysed by Grinder for 4 turns
  3143 | D:3      | Killed Grinder
  3144 | D:3      | Reached skill level 9 in Spellcasting
  3144 | D:3      | Reached XP level 6. HP: 12/32 MP: 8/20
  3654 | D:4      | Found Supliu Tedi's General Store.
  3718 | D:4      | Reached skill level 10 in Spellcasting
  3722 | D:4      | Reached XP level 7. HP: 24/36 MP: 10/22
  4343 | D:4      | Reached skill level 11 in Spellcasting
  4625 | D:5      | Entered Level 5 of the Dungeon
  4653 | D:5      | Found a shadowy altar of Dithmenos.
  4654 | D:5      | Identified the +6 trident "Koagypiz" {vorpal, Str+2}
  4749 | D:5      | Reached skill level 12 in Spellcasting
  4942 | D:5      | Reached skill level 5 in Conjurations
  4996 | D:5      | Reached XP level 8. HP: 41/41 MP: 21/26
  5003 | D:5      | Learned a level 4 spell: Fulminant Prism
  5008 | D:5      | Learned a level 4 spell: Iskenderun's Mystic Blast
  5601 | D:5      | Found Toll's Weapon Shoppe.
  6011 | D:5      | HP: 2/41 [poisoned by a killer bee]
  6804 | D:6      | Found a stormy altar of Qazlal.
  6962 | D:6      | Found a hide-covered altar of Uskayaw.
  6967 | D:6      | Reached XP level 9. HP: 45/45 MP: 27/27
  7148 | D:6      | Found an ancient bone altar of Kikubaaqudgha.
  7148 | D:6      | Found a burning altar of Makhleb.
  7219 | D:7      | Reached skill level 10 in Conjurations
  7386 | D:7      | Found a staircase to the Ecumenical Temple.
  7396 | Temple   | Entered the Ecumenical Temple
  7508 | D:7      | Noticed a freezing wraith
  7511 | D:7      | Noticed a freezing wraith
  7517 | D:7      | Killed a freezing wraith
  7517 | D:7      | Noticed an ice devil
  7518 | D:7      | Reached skill level 5 in Hexes
  7522 | D:7      | Killed a freezing wraith
  7525 | D:7      | Killed an ice devil
  7538 | D:7      | Noticed an ice devil
  7678 | D:7      | Noticed a freezing wraith
  7687 | D:7      | Killed a freezing wraith
  7696 | D:7      | Killed an ice devil
  7814 | D:7      | Found the +8 frozen axe "Frostbite" {freezing cloud, *Noise
                  | Fly rC+}
  8047 | D:7      | Found an iron altar of Okawaru.
  8267 | D:8      | Found Idun's Jewellery Boutique.
  8271 | D:8      | Bought an amulet of magic regeneration for 330 gold pieces
  8491 | D:8      | Noticed Erica
  8493 | D:8      | Reached XP level 10. HP: 50/50 MP: 28/28
  8498 | D:8      | Killed Erica
  8815 | D:8      | Found Catonen's Book Emporium.
  8847 | D:8      | Found Rocziss's Distillery.
  8855 | D:8      | Bought a potion of degeneration for 15 gold pieces
  8972 | D:8      | Found an opulent altar of Gozag.
  9009 | D:8      | Reached skill level 13 in Spellcasting
  9018 | D:8      | Found a sacrificial altar of Ru.
  9023 | D:8      | Found a snail-covered altar of Cheibriados.
  9229 | D:8      | Found Nuisej's Magic Scroll Boutique.
  9410 | D:8      | Found a sparkling altar of Nemelex Xobeh.
  9486 | D:8      | Found a white marble altar of Elyvilon.
  9709 | D:8      | Found a staircase to the Lair.
  9903 | D:9      | Reached skill level 14 in Spellcasting
 10048 | D:9      | Reached skill level 15 in Spellcasting
 10518 | D:10     | Entered Level 10 of the Dungeon
 10625 | D:10     | Noticed a two-headed ogre
 10630 | D:10     | Killed a two-headed ogre
 10631 | D:10     | Reached skill level 16 in Spellcasting
 10631 | D:10     | Reached XP level 11. HP: 55/55 MP: 31/33
 10635 | D:10     | Reached skill level 1 in Fighting
 10694 | D:10     | Noticed a two-headed ogre
 10698 | D:10     | Killed a two-headed ogre
 10858 | D:10     | Found a flagged portal.
 10881 | Bailey   | Entered a bailey
 10983 | Bailey   | Noticed an orc warlord
 11135 | Bailey   | Found a runed translucent gate.
 11136 | Bailey   | Found a runed translucent gate.
 11137 | Bailey   | Found a runed translucent gate.
 11234 | Bailey   | Killed an orc warlord
 11235 | Bailey   | Reached skill level 5 in Fighting
 11302 | D:10     | Found a shimmering blue altar of Sif Muna.
 11327 | D:10     | Found a radiant altar of Vehumet.
 11331 | D:10     | Became a worshipper of Vehumet
 11336 | D:10     | Found a staircase to the Orcish Mines.
 11654 | D:10     | Found a glowing silver altar of Zin.
 12249 | D:11     | Noticed a two-headed ogre
 12254 | D:11     | Killed a two-headed ogre
 12471 | D:11     | Reached * piety under Vehumet
 12471 | D:11     | Offered knowledge of Freeze by Vehumet.
 12531 | D:11     | Noticed a boulder beetle
 12653 | D:8      | Bought a book of the Wilderness for 456 gold pieces
 12657 | D:8      | Learned a level 3 spell: Call Canine Familiar
 12663 | D:8      | Learned a level 5 spell: Summon Mana Viper
 12696 | Lair:1   | Entered Level 1 of the Lair of Beasts
 13154 | D:3      | Learned a level 5 spell: Summon Forest
 13158 | D:3      | Acquired a staff of conjuration
 13466 | Lair:1   | Identified the +3 ring mail of Absolutism {rPois Str+4}
 13576 | Lair:1   | Reached XP level 12. HP: 68/72 MP: 13/34
 13584 | Lair:1   | Reached skill level 5 in Summonings
 13786 | Lair:1   | Noticed a catoblepas
 13799 | Lair:1   | Killed a catoblepas
 13914 | Lair:1   | Offered knowledge of Shock by Vehumet.
 13921 | Lair:1   | Reached ** piety under Vehumet
 14109 | Lair:1   | Offered knowledge of Inner Flame by Vehumet.
 14366 | Lair:1   | Learned a level 4 spell: Leda's Liquefaction
 14398 | Lair:2   | Noticed a death yak
 14399 | Lair:2   | Noticed a death yak
 14399 | Lair:2   | Noticed a death yak
 14429 | Lair:2   | Noticed a five-headed hydra
 14436 | Lair:2   | Killed a five-headed hydra
 14644 | Lair:2   | Noticed a death yak
 14672 | Lair:2   | Noticed an eight-headed hydra
 14690 | Lair:2   | Noticed a death yak
 14691 | Lair:2   | Noticed a death yak
 14691 | Lair:2   | Noticed a death yak
 14692 | Lair:2   | Noticed a death yak
 14693 | Lair:2   | Killed an eight-headed hydra
 14693 | Lair:2   | Noticed a death yak
 14694 | Lair:2   | Noticed a death yak
 14694 | Lair:2   | Noticed a death yak
 14699 | Lair:2   | Killed a death yak
 14699 | Lair:2   | Killed a death yak
 14699 | Lair:2   | Reached *** piety under Vehumet
 14700 | Lair:2   | Reached skill level 10 in Summonings
 14700 | Lair:2   | Killed a death yak
 14705 | Lair:2   | Killed a death yak
 14708 | Lair:2   | Killed a death yak
 14711 | Lair:2   | Killed a death yak
 14725 | Lair:2   | Killed a death yak
 14728 | Lair:2   | Killed a death yak
 14730 | Lair:2   | Killed a death yak
 14733 | Lair:2   | Noticed a death yak
 14733 | Lair:2   | Killed a death yak
 14734 | Lair:2   | Reached XP level 13. HP: 78/78 MP: 8/35
 14841 | Lair:2   | Found a runed translucent gate.
 14841 | Lair:2   | Found a runed translucent gate.
 14841 | Lair:2   | Found a runed translucent gate.
 14843 | Lair:2   | Noticed PentaManta's ghost (journeyman TrAK)
 15141 | Lair:2   | You fall into a shaft and drop 2 floors!
 15178 | Lair:2   | Found a staircase to the Snake Pit.
 15399 | Lair:2   | Offered knowledge of Olgreb's Toxic Radiance by Vehumet.
 15407 | Lair:2   | Learned a level 4 spell: Olgreb's Toxic Radiance
 15561 | Lair:2   | Learned a level 6 spell: Summon Cactus Giant
 15979 | Lair:3   | Found a staircase to the Swamp.
 16639 | Lair:3   | Reached skill level 10 in Fighting
 16645 | Lair:3   | Reached **** piety under Vehumet
 16646 | Lair:3   | Reached skill level 1 in Shields
 17232 | Lair:2   | Killed PentaManta's ghost
 17245 | Lair:2   | Got Sif Muna's Folio of Metamorphosis and Assembling
 17660 | Lair:4   | Offered knowledge of Conjure Flame by Vehumet.
 17892 | Lair:4   | Reached skill level 5 in Shields
 18060 | Lair:4   | Found a staircase to the Slime Pits.
 18453 | Lair:5   | Entered Level 5 of the Lair of Beasts
 18657 | Lair:5   | Reached ***** piety under Vehumet
 18659 | Lair:5   | Reached XP level 14. HP: 83/88 MP: 27/36
 18671 | Lair:5   | Offered knowledge of Irradiate by Vehumet.
 18853 | Lair:5   | Learned a level 7 spell: Monstrous Menagerie
 20213 | Lair:5   | Acquired 603 gold pieces
 20419 | D:11     | Identified the +5 war axe of Havoc {spect, Contam rElec
                  | Str+4}
 20533 | D:11     | Reached skill level 10 in Shields
 20746 | D:12     | Noticed Josephine
 20760 | D:12     | Killed Josephine
 20868 | D:12     | Noticed Sonja
 20871 | D:12     | Killed Sonja
 20873 | D:12     | Reached skill level 17 in Spellcasting
 21766 | D:12     | Reached skill level 18 in Spellcasting
 21790 | D:12     | Offered knowledge of Freezing Cloud by Vehumet.
 21994 | D:12     | Found Ceni's Distillery.
 22369 | D:12     | Noticed Frances
 22432 | D:11     | Learned a level 5 spell: Yara's Violent Unravelling
 22809 | D:12     | Killed Frances
 23014 | D:13     | Reached XP level 15. HP: 82/92 MP: 20/39
 23355 | D:13     | Noticed Rupert
 23366 | D:13     | Killed Rupert
 23992 | D:14     | Found a gate to the Vaults.
 24209 | D:14     | Noticed Kirke
 24219 | D:14     | Killed Kirke
 24488 | D:14     | Offered knowledge of Iron Shot by Vehumet.
 24876 | D:15     | Entered Level 15 of the Dungeon
 24910 | D:15     | Reached skill level 19 in Spellcasting
 25155 | D:15     | Noticed Louise
 25155 | Abyss:2  | Cast into level 2 of the Abyss (Louise)
 25294 | Abyss:2  | Lost strength.
 25424 | Abyss:2  | Lost strength.
 25469 | Abyss:2  | Gained mutation: Your magical capacity is low. (-10% MP) [a
                  | neqoxec]
 25474 | D:15     | Escaped the Abyss
 25484 | D:15     | Killed Louise
 25787 | D:15     | Learned a level 6 spell: Iron Shot
 25941 | D:15     | Acquired the amulet of the Brewing Fool {Faith Harm
                  | *Corrode Regen+ Int+4}
 26025 | D:15     | Reached skill level 1 in Earth Magic
 26456 | D:15     | Found a staircase to the Depths.
 26725 | Snake:1  | Entered Level 1 of the Snake Pit
 26794 | Snake:1  | Found Sityel's Magic Scroll Emporium.
 27240 | Snake:1  | Found Wiro's General Store.
 27245 | Snake:1  | Noticed Jorgrun
 27252 | Snake:1  | Killed Jorgrun
 27253 | Snake:1  | Reached skill level 20 in Spellcasting
 27253 | Snake:1  | Reached XP level 16. HP: 35/100 MP: 8/38
 27386 | Snake:1  | Bought the +0 mask of the Dragon {Will+ Slay+3 SInv} for
                  | 634 gold pieces
 27386 | Snake:1  | Found the +0 mask of the Dragon {Will+ Slay+3 SInv}
 27633 | Snake:1  | Found Ruvinn's Assorted Antiques.
 27732 | Snake:1  | Found Urphuesm's Armour Shop.
 27742 | Snake:1  | Found Dawnyrch's Distillery.
 28681 | Snake:2  | Noticed Donald
 28688 | Snake:2  | Killed Donald
 28692 | Snake:2  | Noticed Nikola
 28707 | Snake:2  | Killed Nikola
 28767 | Snake:2  | Killed from afar by a shock serpent

Illustrated notes

Levels and vault maps discovered:
D:1:      saegor_arrival_simple_c, layout_rooms, chequers_serial_rivers_marsh,
          wad_floor_pattern_2
D:2:      layout_loops_ring, minmay_strange_pillars, grunt_ministairs_1
D:3:      layout_loops_corners, lemuel_tele_altar,
          dreamdust_ecumenical_altar_statues, minmay_starry_boxes, uniq_terence,
          uniq_grinder, uniq_robin
D:4:      layout_basic, serial_shops, nicolae_shop_advertising_works
          [nicolae_subvault_shop_adworks]
D:5:      minmay_octagon_keep, layout_basic, grunt_dithmenos_smoke_and_mirrors,
          serial_shops, nicolae_shop_bloodbath_and_beyond, minmay_diced_spiral
D:6:      layout_cave_pools, gammafunk_temple_overflow_wave,
          mainiacjoe_overflow_concentric_impassable,
          nicolae_uskayaw_dance_studio
D:7:      layout_basic, nicolae_overflow_crystal_walls,
          minmay_temple_entry_drinking_statues,
          hellmonk_guarded_unrand_frostbite
D:8:      layout_loops_ring, marbit_many_paths, nicolae_elyvilon_peaceful_grove,
          mainiacjoe_overflow_surrounded_room, mainiacjoe_overflow_big_doors,
          lair_entry_dummy, serial_shops, kennysheep_mini,
          nicolae_shop_hallway_stairs, shop, nicolae_shop_hallway_stairs,
          minmay_orc_keep, uniq_erica
D:9:      layout_long_grid, minmay_misc_feat_x
D:10:     layout_cave_pods, lemuel_coloured_pillars_altar,
          mainiacjoe_overflow_cross_hatched, nicolae_sif_muna_little_library,
          david_orc_3, enter_bailey_5
D:11:     layout_roguey [special_room_bee]
D:12:     cheibrodos_orc_bank, layout_layer_cave, serial_shops,
          nicolae_shop_behind_doors, uniq_sonja, uniq_josephine, uniq_frances
D:13:     layout_cave_pools, uniq_rupert
D:14:     layout_stronghold, lightli_vaults_fourway_checkpoint,
          nrook_mini_backslash, uniq_kirke
D:15:     hangedman_depths_entry_try_elsewhere_first, layout_irregular_city,
          drop_trap, uniq_louise
Temple:   hellmonk_temple_of_storms
Lair:1:   lemuel_ratsnest, layout_hall_layers, dreamdust_mushroom_princess,
          kennysheep_abandoned_house
Lair:2:   layout_regular_city, guppyfry_snake_entry_garden,
          gammafunk_ghost_hydra_chop, serial_bayou, serial_bayou_shore_a,
          serial_bayou_crossing, serial_bayou_pond_a, serial_bayou_pond_a,
          cheibrodos_lair_lostbears
Lair:3:   layout_cave_pods, minmay_swamp_entry_worms, grunt_megastairs_2
Lair:4:   layout_roguey, minmay_slime_entry_oklob_enclosed
Lair:5:   evilmike_catoblepas_cave, layout_gridlike,
          eino_small_chamber_without_monster, infiniplex_staircase_pool
Snake:1:  layout_chambers, serial_shops, nicolae_lakefront_shop,
          nicolae_diamond_shop, nicolae_take_the_stairs, shop, shop,
          nicolae_snake_coiling_death, uniq_jorgrun
Snake:2:  layout_gridlike, nicolae_snake_shapes, minmay_shop_grove,
          grunt_megastairs_5, lemuel_fruit_tree, uniq_donald, uniq_nikola,
          uniq_vashnia

Skill      XL: |  1  2  3  4  5  6  7  8  9 10 11 12 13 14 15 16 |
---------------+-------------------------------------------------+-----
Spellcasting   | 4 5 7 9 10 12 16 18 20 | 20.0
Conjurations   | 5 9 10 | 10.0
Hexes          | 8 |  8.3
Translocations | 4 6 |  6.0
Fighting       | 7 10 11 | 11.0
Summonings     | 4 12 | 12.0
Shields        | 7 10 12 13 | 13.0
Earth Magic    | 3 |  3.0
Dodging        | |  2.4
Stealth        | |  2.4

Action                   |  1- 3 |  4- 6 |  7- 9 | 10-12 | 13-15 | 16-18 || total
-------------------------+-------+-------+-------+-------+-------+-------++-------
Melee: Short sword       |     6 |     9 |       |       |       |       ||    15
       Executioner's axe |       |       |       |     1 |       |       ||     1
       Staff             |       |       |       |     6 |     5 |     5 ||    16
       Battleaxe         |       |       |       |       |    18 |       ||    18
 Cast: Magic Dart        |    82 |    59 |   128 |   186 |    32 |       ||   487
       Searing Ray       |       |    11 |    35 |    57 |    35 |       ||   138
       Iskenderun's Myst |       |       |    14 |    50 |   129 |     7 ||   200
       Fulminant Prism   |       |       |    14 |    87 |    34 |     1 ||   136
       Call Canine Famil |       |       |       |    16 |    12 |       ||    28
       Summon Mana Viper |       |       |       |    17 |    33 |     1 ||    51
       Summon Forest     |       |       |       |     3 |    16 |     2 ||    21
       Leda's Liquefacti |       |       |       |     1 |     8 |       ||     9
       Summon Cactus Gia |       |       |       |       |    58 |     7 ||    65
       Olgreb's Toxic Ra |       |       |       |       |    53 |     1 ||    54
       Monstrous Menager |       |       |       |       |    57 |    10 ||    67
       Iron Shot         |       |       |       |       |    12 |     2 ||    14
       Yara's Violent Un |       |       |       |       |     2 |     1 ||     3
  Use: Scroll            |       |       |    17 |     7 |    11 |     1 ||    36
       Potion            |       |       |       |     1 |     6 |     1 ||     8
 Stab: Distracted        |       |       |       |       |     1 |       ||     1
Armor: Robe              |     3 |     3 |     2 |       |       |       ||     8
       Steam dragon scal |       |       |     1 |    16 |    33 |     5 ||    55
Dodge: Dodged            |     5 |     4 |    32 |    44 |    96 |    18 ||   199

Table legend: (Time is in decaauts)
 A = Elapsed time spent in this place.
 B = Non-inter-level travel time spent in this place.
 C = Inter-level travel time spent in this place.
 D = Time resting spent in this place.
 E = Time spent auto-exploring this place.
 F = Levels seen in this place.
 G = Mean time per level.
                   A        B        C        D        E       F      G
               +--------+--------+--------+--------+--------+-----+--------+
         Total |  28936 |  27413 |   1523 |   5433 |  17139 |  25 | 1157.4 |
       Dungeon |  18675 |  17505 |   1170 |   3058 |  11850 |  15 | 1245.0 |
        Temple |     40 |     40 |      0 |      0 |     28 |   1 |   40.0 |
          Lair |   7417 |   7107 |    310 |   1510 |   4200 |   5 | 1483.4 |
     Snake Pit |   2041 |   1999 |     42 |    672 |   1060 |   2 | 1020.5 |
         Abyss |    374 |    374 |      0 |    120 |      0 |   1 |  374.0 |
        Bailey |    385 |    385 |      0 |     72 |      0 |   1 |  385.0 |
               +--------+--------+--------+--------+--------+-----+--------+

Top non-repeatable levels by time:
    D:12: 2046 daAuts
     D:3: 1819 daAuts
  Lair:5: 1806 daAuts
     D:5: 1788 daAuts
  Lair:2: 1759 daAuts
     D:8: 1681 daAuts
 Snake:1: 1654 daAuts
  Lair:1: 1570 daAuts
    D:14: 1299 daAuts
    D:15: 1288 daAuts
  Lair:3: 1256 daAuts
    D:11: 1156 daAuts
     D:4: 1138 daAuts
     D:7: 1068 daAuts
    D:10: 1033 daAuts
